 Dungeon Sprint DCSS version 0.30.1-4-g462c640d31 (webtiles) character file.

Game seed: 5861629126697010064

5083 Heoruswealwe the Brawler (level 10, -2/166 HPs)
             Began as a Troll Berserker on Aug 17, 2023.
             Was the Champion of Trog.
             Slain by a demonic crawler (12 damage)
             ... in the Dungeon (Sprint I: "Red Sonja").
             The game lasted 00:21:17 (852 turns).

Heoruswealwe the Brawler (Troll Berserker)           Turns: 852, Time: 00:21:18

Health: -2/166     AC:  9    Str: 31    XL:     10   Next: 31%
Magic:  0/18       EV: 12    Int:  3    God:    Trog [******]
Gold:   133        SH:  0    Dex:  9    Spells: 9/9 levels left

rFire   . .          .
                       - Unarmed
rCold   . . .        (no shield)
rNeg    . . .        r - +1 troll leather armour
rPois   +            (helmet restricted)
rElec   .            s - +1 cloak {rPois}
rCorr   .            (gloves unavailable)
SInv    .            (boots unavailable)
Will    .....        o - amulet of the Catamount {Spirit Fragile rPois Regen+ MP+9} Stlth
                     (no ring)
HPRegen 2.87/turn    (no ring)
MPRegen 0.16/turn

%: no teleportation, guardian spirit
@: berserking, very quick
A: large, unfitting armour, claws 3, regeneration 1, shaggy fur 1, tough skin 1
a: Renounce Religion, Berserk, Trog's Hand, Brothers in Arms


You were in the Dungeon.
You worshipped Trog.
Trog was exalted by your worship.
You visited 1 branch You collected 1250 gold pieces.
You spent 1117 gold pieces at shops.

Inventory:

Hand Weapons
 l - the +6 giant club of the Equator {flame, Contam rElec rCorr}
   (Trog gifted it to you in the Dungeon)

   rElec:     It insulates you from electricity.
   Contam:    It causes magical contamination when unequipped.
   rCorr:     It protects you from acid and corrosion.
 n - the +13 scythe of Curses {drain, curses, Drain}
   (You found it in the Dungeon)

   Drain:     It drains your maximum health when unequipped.
Armour
 i - a +1 robe of resistance
 r - a +1 troll leather armour (worn)
 s - a +1 cloak of poison resistance (worn)
Jewellery
 o - the amulet of the Catamount (around neck) {Spirit Fragile rPois Regen+ MP+9}
   (You found it in the Dungeon)

   [amulet of guardian spirit]

   It causes incoming damage to be divided between your reserves of health and
   magic.
   rPois:     It protects you from poison.
   MP:        It affects your magic capacity (+9).
   Regen:     It increases your rate of health regeneration.
   Fragile:   It will be destroyed if unequipped.
Wands
 h - a wand of charming (3)
Scrolls
 a - 3 scrolls of identify
 g - a scroll of blinking
 j - a scroll of fear
 k - a scroll of poison
 p - a scroll of enchant armour
Potions
 b - 2 potions of curing
 d - a potion of haste
 e - 2 potions of magic
 f - a potion of berserk rage
 m - 3 potions of might
 q - a potion of flight
 t - a potion of cancellation
 u - a potion of lignification
 v - a potion of resistance


   Skills:
 + Level 10.9 Fighting
 + Level 10.9 Dodging
 * Level 17.4 Unarmed Combat


You had 9 spell levels left.
You didn't know any spells.
Your spell library was empty.

Dungeon Overview and Level Annotations

Branches:
Dungeon (1/1)

Altars:
Cheibriados
Dithmenos
Elyvilon
Fedhas
Gozag
Hepliaklqana
Kikubaaqudgha
Makhleb
Nemelex Xobeh
Okawaru
Qazlal
Ru
Sif Muna
Trog
Uskayaw
Vehumet
Wu Jian
Xom
Yredelemnul
Zin
The Shining One
Jiyva
Lugonu

Shops:
D ::[*?*[**??!!![?


Innate Abilities, Weirdness & Mutations

You are too large for most types of armour.
You have claws for hands.
Your natural rate of healing is unusually fast.
You are covered in fur. (AC +1)
You have tough skin. (AC +1)


Message History

The demonic crawler is heavily wounded.
The demonic crawler hits you!
The demonic crawler hits you but does no damage. x2
You scratch the demonic crawler but do no damage.
The demonic crawler is moderately wounded.
The demonic crawler misses you. The demonic crawler hits you!
* * * LOW HITPOINT WARNING * * *
The demonic crawler hits you.
* * * LOW HITPOINT WARNING * * *
You feel much better.
The demonic crawler hits you but does no damage.
The demonic crawler hits you!
* * * LOW HITPOINT WARNING * * *
The demonic crawler hits you but does no damage. x2
The demonic crawler hits you.
* * * LOW HITPOINT WARNING * * *
The demonic crawler hits you!
* * * LOW HITPOINT WARNING * * *
A red film seems to cover your vision as you go berserk!
You feel yourself moving faster!
You feel mighty! The demonic crawler hits you!
* * * LOW HITPOINT WARNING * * *
The demonic crawler hits you.
* * * LOW HITPOINT WARNING * * *
The demonic crawler hits you.
* * * LOW HITPOINT WARNING * * *
You scratch the demonic crawler but do no damage.
You eviscerate the demonic crawler!!!
The demonic crawler is severely wounded.
The demonic crawler hits you but does no damage.
The demonic crawler hits you.
* * * LOW HITPOINT WARNING * * *
The demonic crawler completely misses you.
You mangle the demonic crawler!!
You kill the demonic crawler!
Trog accepts your kill.
You mangle the demonic crawler!!
The demonic crawler is heavily wounded.
The demonic crawler hits you but does no damage.
The demonic crawler hits you!
You die...

##########################
#<.#..)..#.['..#__#..'...#
#..'..#..'..#..s..'..#)s.##+#
#..#####'#####s#__####...'..#
#).####..#...#@####)§#####..+
#..#__####..##)#§~§§§#..# ##
#..#_____##'#_.+~§§§§+..#
#⌠⌠#_.∩...'..._#§)~..#..#
####_..__##_.#'##+#####'###
#_____###+#)#§.§)###.+.#
####### ####'###.###.#
+..§..')∩##§# ###########§#


You could see 2 demonic crawlers.

Vanquished Creatures
  2 centaur warriors (D)
  A deep troll (D)
  An oklob plant (D)
  2 demonic crawlers (D)
  2 kobold demonologists (D)
  A hornet (D)
  A slime creature (D)
  Sigmund (D)
  A yak (D)
  2 redbacks (D)
  2 floating eyes (D)
  An ogre (D)
  7 necrophages (D)
  8 jellies (D)
  Ijyb (D)
33 creatures vanquished.

Notes
Turn   | Place    | Note
-------+----------+-------------------------------------------
     0 | D        | Heoruswealwe the Troll Berserker began the quest for the
                  | Orb.
     0 | D        | Reached XP level 1. HP: 22/22 MP: 0/0
     1 | D        | Noticed Ijyb
    36 | D        | Killed Ijyb
    37 | D        | Reached skill level 5 in Unarmed Combat
    37 | D        | Reached XP level 2. HP: 6/31 MP: 1/1
    66 | D        | Noticed an ogre
    69 | D        | Killed an ogre
    70 | D        | Reached skill level 7 in Unarmed Combat
    70 | D        | Reached XP level 3. HP: 23/40 MP: 2/2
    70 | D        | Reached XP level 4. HP: 28/49 MP: 3/3
   126 | D        | Noticed Sigmund
   135 | D        | Killed Sigmund
   135 | D        | Reached ** piety under Trog
   136 | D        | Reached skill level 5 in Fighting
   136 | D        | Reached skill level 5 in Dodging
   136 | D        | Reached skill level 9 in Unarmed Combat
   136 | D        | Reached XP level 5. HP: 27/59 MP: 4/4
   136 | D        | Reached XP level 6. HP: 31/67 MP: 5/5
   193 | D        | Found a burning altar of Makhleb.
   193 | D        | Found a viscous altar of Jiyva.
   193 | D        | Found a shimmering altar of Xom.
   193 | D        | Found a corrupted altar of Lugonu.
   193 | D        | Noticed a slime creature
   198 | D        | Killed a slime creature
   199 | D        | Reached skill level 10 in Unarmed Combat
   217 | D        | Found an ornate altar of the Wu Jian Council.
   217 | D        | Found a shimmering blue altar of Sif Muna.
   219 | D        | Found a radiant altar of Vehumet.
   248 | D        | Found Hopyukac's Book Emporium.
   248 | D        | Found an ancient bone altar of Kikubaaqudgha.
   248 | D        | Found a hazy altar of Hepliaklqana.
   248 | D        | Found a stormy altar of Qazlal.
   248 | D        | Found a hide-covered altar of Uskayaw.
   248 | D        | Found a blossoming altar of Fedhas.
   248 | D        | Found a bloodstained altar of Trog.
   248 | D        | Found an iron altar of Okawaru.
   248 | D        | Found a basalt altar of Yredelemnul.
   248 | D        | Found a glowing golden altar of the Shining One.
   248 | D        | Found a snail-covered altar of Cheibriados.
   248 | D        | Found a sacrificial altar of Ru.
   248 | D        | Found a glowing silver altar of Zin.
   248 | D        | Found a shadowy altar of Dithmenos.
   248 | D        | Found a white marble altar of Elyvilon.
   248 | D        | Noticed a yak
   256 | D        | Killed a yak
   257 | D        | Reached skill level 11 in Unarmed Combat
   257 | D        | Reached XP level 7. HP: 42/78 MP: 6/6
   257 | D        | Found an opulent altar of Gozag.
   258 | D        | Found a sparkling altar of Nemelex Xobeh.
   304 | D        | Noticed a kobold demonologist
   304 | D        | Noticed a kobold demonologist
   306 | D        | Noticed a rust devil
   309 | D        | Killed a kobold demonologist
   309 | D        | Reached *** piety under Trog
   310 | D        | Reached skill level 12 in Unarmed Combat
   314 | D        | Killed a kobold demonologist
   315 | D        | Reached XP level 8. HP: 88/88 MP: 7/7
   316 | D        | Reached **** piety under Trog
   317 | D        | Reached skill level 13 in Unarmed Combat
   330 | D        | Noticed a centaur warrior
   330 | D        | Noticed a centaur warrior
   342 | D        | Killed a centaur warrior
   343 | D        | Reached skill level 14 in Unarmed Combat
   350 | D        | Noticed a hornet
   358 | D        | Killed a centaur warrior
   359 | D        | Reached skill level 15 in Unarmed Combat
   359 | D        | Reached XP level 9. HP: 54/100 MP: 8/8
   400 | D        | Paralysed by a hornet for 2 turns
   443 | D        | Noticed a deep troll
   449 | D        | Killed a deep troll
   462 | D        | Found Zebugiat's Armour Emporium.
   496 | D        | Noticed an oklob plant
   503 | D        | Killed an oklob plant
   503 | D        | Reached ***** piety under Trog
   504 | D        | Reached skill level 10 in Fighting
   504 | D        | Reached skill level 10 in Dodging
   504 | D        | Reached skill level 16 in Unarmed Combat
   551 | D        | Reached XP level 10. HP: 111/111 MP: 9/9
   555 | D        | Identified the +6 giant club of the Equator {flame, Contam
                  | rElec rCorr} (Trog gifted it to you in the Dungeon)
   555 | D        | Received a gift from Trog
   564 | D        | Found the +13 scythe of Curses {drain, curses, Drain}
   578 | D        | Reached ****** piety under Trog
   580 | D        | Received a gift from Trog
   581 | D        | Reached skill level 17 in Unarmed Combat
   600 | D        | Identified the amulet of the Catamount {Spirit Fragile
                  | rPois Regen+ MP+9}
   667 | D        | Found Lappuim's Armour Shoppe.
   667 | D        | Found Soalilio's Book Shop.
   667 | D        | Found Ceotor's General Store.
   669 | D        | Found Ucopperun's Magic Scroll Emporium.
   669 | D        | Found Akhlusk's General Store.
   669 | D        | Found Efast's Antique Armour Shoppe.
   669 | D        | Found Faatrok's Assorted Antiques.
   669 | D        | Found Tumy's Assorted Antiques.
   669 | D        | Found Gayfreol's Magic Scroll Shop.
   669 | D        | Found Qaul's Magic Scroll Shoppe.
   673 | D        | Bought a potion of might for 48 gold pieces
   673 | D        | Bought a scroll of identify for 24 gold pieces
   673 | D        | Bought a scroll of identify for 24 gold pieces
   673 | D        | Bought a scroll of identify for 24 gold pieces
   679 | D        | Found Aledio's Distillery.
   680 | D        | Found Cocli's Distillery.
   680 | D        | Found Hyasoun's Distillery.
   681 | D        | Found Garghirgh's Magic Scroll Emporium.
   685 | D        | Bought a scroll of enchant armour for 82 gold pieces
   687 | D        | Bought a potion of might for 48 gold pieces
   687 | D        | Bought a potion of curing for 36 gold pieces
   687 | D        | Bought a potion of berserk rage for 60 gold pieces
   688 | D        | Bought a potion of flight for 39 gold pieces
   690 | D        | Bought a scroll of identify for 22 gold pieces
   690 | D        | Bought a scroll of identify for 22 gold pieces
   725 | D        | Bought a runed troll leather armour for 432 gold pieces
   740 | D        | Bought a +1 cloak of poison resistance for 148 gold pieces
   757 | D        | Bought an inky potion for 26 gold pieces
   758 | D        | Bought a lumpy yellow potion for 19 gold pieces
   758 | D        | Bought a pink potion for 19 gold pieces
   759 | D        | Bought a scroll of identify for 22 gold pieces
   759 | D        | Bought a scroll of identify for 22 gold pieces
   822 | D        | Noticed a demonic crawler
   822 | D        | Noticed a demonic crawler
   822 | D        | Noticed a demonic crawler
   822 | D        | Noticed a demonic crawler
   839 | D        | Killed a demonic crawler
   850 | D        | HP: 8/166 [demonic crawler (6)]
   851 | D        | Killed a demonic crawler
   852 | D        | Slain by a demonic crawler

Illustrated notes

Levels and vault maps discovered:
D:        dungeon_sprint_1 [red_sonja_temple_1, red_sonja_temple_small_1]

Skill      XL: |  1  2  3  4  5  6  7  8  9 10 |
---------------+-------------------------------+-----
Fighting       | 3 4 5 7 9 10 | 10.9
Dodging        | 3 4 5 7 9 10 | 10.9
Unarmed Combat | 5 7 9 11 12 15 16 17 | 17.4

Action                     |  1- 3 |  4- 6 |  7- 9 | 10-12 || total
---------------------------+-------+-------+-------+-------++-------
  Melee: Unarmed           |    23 |    22 |    49 |    43 ||   137
         Punch             |       |     2 |     5 |     3 ||    10
 Invoke: Berserk           |     1 |       |     1 |       ||     2
    Use: Scroll            |       |       |       |     5 ||     5
         Potion            |       |       |       |     2 ||     2
 Armour: Animal skin       |     2 |       |       |       ||     2
         Robe              |       |     2 |     8 |     9 ||    19
         Troll leather arm |       |       |       |    16 ||    16
  Dodge: Dodged            |     5 |     6 |    16 |    48 ||    75
